 Dungeon Crawl Stone Soup version 0.21-a0-531-gacddea6 (webtiles) character file.

200 slep the Chopper (level 5, -5/29 HPs)
             Began as a Vine Stalker Gladiator on Dec 13, 2017.
             Killed by divine providence
             ... invoked by an orc priest
              (9 damage)
             ... on level 3 of the Dungeon.
             The game lasted 00:05:20 (1630 turns).

slep the Chopper (Vine Stalker Gladiator)           Turns: 1630, Time: 00:05:20

Health: -5/29      AC:  4    Str: 18    XL:     5   Next: 79%
Magic:  0/10       EV: 13    Int:  8    God:
Gold:   103        SH:  0    Dex: 15    Spells: 10/10 levels left

rFire    . . .     SeeInvis .   a - +0 war axe
rCold    . . .     Gourm    .   (no shield)
rNeg     . . .     Faith    .   e - +0 leather armour (curse)
rPois    .         Spirit   +   c - +0 helmet
rElec    .         Reflect  .   (no cloak)
rCorr    .         Harm     .   (no gloves)
MR       .....                  (no boots)
Stlth    ++........             m - amulet of rage
HPRegen  0.49/turn              (no ring)
MPRegen  0.12/turn              (no ring)

@: drained
A: fangs 2, regeneration 1, magic shield, antimagic bite, no potion heal 3, rot
immunity
a: Evoke Berserk Rage


You were on level 3 of the Dungeon.
You were not hungry.

You visited 1 branch of the dungeon, and saw 3 of its levels.

You collected 103 gold pieces.

Inventory:

Hand Weapons
 a - a +0 war axe (weapon)
Missiles
 d - 3 throwing nets (quivered)
Armour
 b - a +0 leather armour
 c - a +0 helmet (worn)
 e - a cursed +0 leather armour (worn)
 t - a +2 leather armour of magic resistance
Jewellery
 j - an uncursed amulet of guardian spirit
 m - an amulet of rage (around neck)
Scrolls
 g - a scroll of enchant armour {unknown}
 h - a scroll of random uselessness {unknown}
 i - 3 scrolls of identify {unknown}
 o - a scroll of noise {unknown}
 p - 2 scrolls of fog {unknown}
 q - 2 scrolls of remove curse {unknown}
Potions
 k - a potion of agility {unknown}
 l - a potion of haste {unknown}
 n - a potion of might {unknown}
 u - 2 potions of flight {unknown}
Comestibles
 f - 2 bread rations
 r - a meat ration
 s - a royal jelly
 v - a chunk of flesh


   Skills:
 + Level 3.8(3.0) Fighting
 + Level 5.2(4.3) Axes
 + Level 3.7(2.9) Throwing
 + Level 2.9(2.1) Armour
 + Level 4.3(3.5) Dodging
 + Level 4.6(3.8) Stealth
 + Level 3.3(2.5) Spellcasting
 + Level 3.0(2.2) Evocations


You had 10 spell levels left.
You didn't know any spells.

Dungeon Overview and Level Annotations

Branches:
Dungeon (3/15)

Altars:


Innate Abilities, Weirdness & Mutations

You have extremely sharp teeth.
Your natural rate of healing is unusually fast.
When hurt, damage is shared between your health and your magic reserves.
Your bite disrupts and absorbs the magic of your enemies.
Potions cannot restore your health.
You are immune to rotting.


Message History

The dart slug launches a dart at you. The slug dart hits you!
The orc priest hits you with a short sword of draining.
* * * LOW HITPOINT WARNING * * *
You feel drained.
* * * LOW HITPOINT WARNING * * *
You hit the orc priest.
You bite the orc priest, but do no damage.
The orc priest is lightly wounded.
The orc priest hits you with a short sword of draining.
* * * LOW HITPOINT WARNING * * *
You feel drained.
* * * LOW HITPOINT WARNING * * *
The dart slug launches a dart at you. The slug dart misses you.
You slash the orc priest!
The orc priest is almost dead.
The orc priest calls down the wrath of Beogh upon you.
Beogh smites you!
You die...

#######.. . #.......# ..
#######........ ...
#..)[##........
....######....##........
.........'..............
...##w.##....##.......#
##.##....##.......#
#@##....###.####.#
#o##....# #.# #.#
#o##....# #.. ...
#.##....# #..# ##.
#.##....# .# . #..#....#
... #..


You could see an orc priest, a dart slug and an orc.

Vanquished Creatures
  A crimson imp (D:2)
  3 adders (D:2)
  4 gnolls (D:2)
  2 worms (D:2)
  3 leopard geckos
  3 orcs (D:3)
  2 giant cockroaches (D:1)
  A goblin (D:2)
  4 hobgoblins
  5 jackals (D:2)
  A quokka (D:2)
  2 ball pythons
  7 bats
  2 frilled lizards
  5 kobolds
  6 rats
51 creatures vanquished.

Notes
Turn   | Place    | Note
-------+----------+-------------------------------------------
     0 | D:1      | slep the Vine Stalker Gladiator began the quest for the Orb.
     0 | D:1      | Reached XP level 1. HP: 11/11 MP: 2/2
   218 | D:1      | Reached XP level 2. HP: 6/15 MP: 3/3
   260 | D:1      | Reached skill level 3 in Axes
   746 | D:2      | Reached XP level 3. HP: 7/18 MP: 2/4
   769 | D:2      | Reached skill level 4 in Axes
   769 | D:2      | Gained mutation: Your natural rate of healing is unusually fast. [Vine Stalker growth]
   769 | D:2      | Reached XP level 4. HP: 3/25 MP: 4/9
   810 | D:2      | Reached skill level 5 in Axes
   812 | D:2      | Reached XP level 5. HP: 13/29 MP: 3/10
  1630 | D:3      | Killed from afar by an orc priest

Vault maps used:
D:1:      evilmike_arrival_home_sweet_home

Skill      XL: |  1  2  3  4 |
---------------+-------------+-----
Axes           | 3 4 5 |  5.2
Fighting       | 3 |  3.8
Throwing       | 3 |  3.7
Armour         | 2 |  2.9
Dodging        | 4 |  4.3
Stealth        | 4 |  4.6
Spellcasting   | 3 |  3.3
Evocations     | 3 |  3.0

Action                   |  1- 3 |  4- 6 || total
-------------------------+-------+-------++-------
Melee: War axe           |    58 |    69 ||   127
       Bite              |    13 |    15 ||    28
  Use: Potion            |     1 |       ||     1
 Stab: Sleeping          |     1 |     8 ||     9
  Eat: Chunk             |       |     2 ||     2
Armor: Leather armour    |    21 |    18 ||    39
Dodge: Dodged            |    57 |    47 ||   104

Table legend:
 A = Spawn XP
 B = Non-spawn XP
 C = Spawn XP percentage of total XP
 D = Spawn monster count
 E = Non-spawn monster count
 F = Spawn count percentage of total count
 G = Total turns spent on level
                    A         B        C        D         E        F      G
               +---------+---------+-------+---------+---------+-------+---------
         Total |       0 |     229 |   0.0 |       0 |      51 |   0.0 |  1630
               +---------+---------+-------+---------+---------+-------+---------
           D:1 |       0 |      26 |   0.0 |       0 |      16 |   0.0 |   706
           D:2 |       0 |     192 |   0.0 |       0 |      30 |   0.0 |   860
           D:3 |       0 |      11 |   0.0 |       0 |       5 |   0.0 |    64
               +---------+---------+-------+---------+---------+-------+---------
